 Dungeon Crawl Stone Soup version 0.18.1-1-g2f07953 (webtiles) character file.

10252 IcyTea the Pandemonic (level 11, -4/63 HPs)
             Began as a Gargoyle Fighter on May 7, 2016.
             Was a High Priest of Makhleb.
             Shot with a bolt by an orc knight (21 damage)
             ... on level 2 of the Orcish Mines.
             The game lasted 01:13:55 (9848 turns).

IcyTea the Pandemonic (Gargoyle Fighter)            Turns: 9848, Time: 01:13:56

Health: -4/63      AC: 23    Str: 34    XL:     11   Next: 59%
Magic:  18/18      EV:  8    Int:  6    God:    Makhleb [*****.]
Gold:   1051       SH: 12    Dex: 12    Spells: 2 memorised, 4 levels left

rFire  + + +     SeeInvis .     C - +3 flail (freeze) (curse)
rCold  x x .     Gourm    .     a - +1 fire dragon armour
rNeg   + . .     Faith    .     c - +1 shield
rPois  ∞         Spirit   .     H - +1 hat {MR+}
rElec  +         Dismiss  .     D - +0 cloak
rCorr  .         Reflect  .     u - +2 pair of gloves
SustAt .         Harm     .     (no boots)
MR     +....                    i - amulet of regeneration
Stlth  ..........               g - +4 ring of strength
                                k - ring of Qaazesel {Fire *Drain Fragile rPois Str+9}

@: somewhat resistant to hostile enchantments, extremely unstealthy
A: horns 1, talons 1, blurry vision 1, dopey 1, negative energy resistance 1,
electricity resistance, unbreathing, petrification resistance, rot immunity,
MP-powered wands, sturdy frame 1, AC +7
a: Minor Destruction, Lesser Servant of Makhleb, Major Destruction, Greater
Servant of Makhleb, Renounce Religion


You were on level 2 of the Orcish Mines.
You worshipped Makhleb.
Makhleb was extremely pleased with you.
You were not hungry.

You visited 4 branches of the dungeon, and saw 14 of its levels.
You also visited: Ossuary.

You collected 1051 gold pieces.

Inventory:

Hand Weapons
 p - a +5 mace
 s - a +0 flail of draining
 C - a cursed +3 flail of freezing (weapon)
Missiles
 n - 11 tomahawks (quivered)
 G - a tomahawk of dispersal
Armour
 a - a +1 fire dragon armour (worn)
 c - a +1 shield (worn)
 u - a +2 pair of gloves (worn)
 D - a +0 cloak (worn)
 H - a +1 hat of magic resistance (worn)
Jewellery
 g - a +4 ring of strength (right hand)
 i - an amulet of regeneration (around neck)
 k - the ring of Qaazesel (left hand) {Fire *Drain Fragile rPois Str+9}
   (You found it on level 5 of the Dungeon)

   [ring of fire]

   It enhances your fire magic, and weakens your ice magic.
   It affects your strength (+9).
   It protects you from fire.
   It makes you vulnerable to cold.
   It protects you from poison.
   It causes draining when unequipped.
   It will be destroyed if unequipped.
Wands
 b - a wand of confusion (23/48)
 m - a wand of flame (33/48)
 q - a wand of random effects (19/48)
 x - a wand of lightning (0/15)
 A - a wand of flame (28/48)
Scrolls
 h - a scroll of magic mapping
 r - a scroll of teleportation
 t - 3 scrolls of immolation
 v - a scroll of amnesia
 y - 2 scrolls of identify
 B - 3 scrolls of remove curse
Potions
 d - 4 potions of might
 e - 3 potions of lignification
 z - 7 potions of curing
 F - 3 potions of flight
Books
 E - a Young Poisoner's Handbook

   Spells                             Type                      Level
   a - Sting                          Conjuration/Poison           1
   b - Cure Poison                    Poison                       2
   c - Mephitic Cloud                 Conjuration/Poison/Air       3
   d - Olgreb's Toxic Radiance        Poison                       4
   e - Venom Bolt                     Conjuration/Poison           5
 I - a book of Necromancy

   Spells                             Type                      Level
   a - Pain                           Necromancy                   1
   b - Animate Skeleton               Necromancy                   1
   c - Vampiric Draining              Necromancy                   3
   d - Regeneration                   Charms/Necromancy            3
   e - Animate Dead                   Necromancy                   4
   f - Control Undead                 Necromancy                   4
Comestibles
 f - 7 bread rations
 j - 6 meat rations
 l - 3 beef jerkies
 o - 2 fruits
 w - 2 slices of pizza
 J - 3 chunks of flesh


   Skills:
 - Level 5.0 Fighting
 - Level 10.2 Maces & Flails
 - Level 5.1 Throwing
 - Level 5.3 Armour
 - Level 5.0 Shields
 - Level 3.1 Conjurations
 - Level 4.0 Charms
 + Level 0.8 Poison Magic
 - Level 10.5 Invocations
 - Level 4.2 Evocations


You had 4 spell levels left.
You knew the following spells:

 Your Spells              Type           Power        Failure   Level  Hunger
a - Mephitic Cloud        Conj/Pois/Air  #.......     100%        3    ####...
b - Regeneration          Chrm/Necr      #.........   100%        3    ####...


Dungeon Overview and Level Annotations

Branches:
Dungeon (10/15)            Temple (1/1) D:7            Lair (1/8) D:8
    Orc (2/2) D:9
    Elf: Orc:2

Altars:
Ashenzari
Cheibriados
Dithmenos
Fedhas
Gozag
Kikubaaqudgha
Makhleb
Nemelex Xobeh
Okawaru
Pakellas
Qazlal
Ru
Sif Muna
Trog
Vehumet
Xom
Yredelemnul
Zin
The Shining One

Shops:
D:7 [

Annotations:
D:4 Tarnath's ghost, amateur DrAr


Innate Abilities, Weirdness & Mutations

You are resistant to torment.
Your stone body is resilient (AC +7).
You are immune to poison.
You resist negative energy.
You are resistant to electric shocks.
You can survive without breathing.
You are immune to petrification.
You are immune to rotting.
You have a pair of small horns on your head.
You have sharp toenails.
Scrolls take you a little longer to read.
You are dopey. (Int -2)
You expend magic power (3 MP) to strengthen your wands.
Your movements are slightly less encumbered by armour (ER -2).


Message History

The orc warrior is almost dead.
The orc warrior hits you with a dire flail!
You closely miss the orc knight. Your kick misses the orc knight.
You headbutt the orc knight!
The orc knight is lightly wounded.
The orc knight unwields an uncursed arbalest.
The orc knight wields an uncursed great mace.
The orc knight hits you with an uncursed great mace!
You block the orc warrior's attack.
You barely miss the orc warrior. You claw the orc warrior.
The orc warrior is almost dead.
The orc warrior hits you with a dire flail!!
* * * LOW HITPOINT WARNING * * *
Drink which item? (? for menu, Esc to quit)
You feel better. You block the orc knight's attack.
The orc warrior completely misses you.
The orc knight unwields an uncursed great mace.
The orc knight wields an uncursed arbalest.
The orc knight shoots a bolt.
The bolt hits you!!
You die...

#..................#......(...###
#...............).###....##..(.#.
##.........#.....###............#
#..............o..###.#...o......
##.............oo###.............
#......)........####.............
##....))........###..............
#...............##........#......
##.......#.....#@...)......#.....
#..^....#.#.......).)............
##.................#).)[.........
#.................##...).#.......
##.....#...........##..).........
#...................#............
#.†................##..###.......
##.<†...#...#.###.#......#.......
##....##..##..##......<.........


You could see an orc knight and an orc warrior.

Vanquished Creatures
  Gastronok (D:9)
  An orc sorcerer (Orc:1)
  Maurice (D:8)
  Grinder (D:5)
  2 two-headed ogres
  7 yaks
  Sigmund (D:5)
  Eustachio (D:5)
  A hippogriff (D:7)
  Menkaure (D:5)
  3 wargs
  A water moccasin (D:5)
  12 orc warriors
  An ice beast (D:7)
  3 sky beasts
  2 phantoms (D:5)
  A black bear (D:7)
  A necrophage (D:7)
  3 ogres
  4 centaurs
  3 big kobolds
  A giant frog (D:5)
  3 scorpions
  9 killer bees
  8 wights
  2 howler monkeys (D:7)
  A crimson imp (D:6)
  A giant frog zombie (D:8)
  A centaur zombie (D:5)
  4 jellies
  A quasit (D:8)
  2 hounds (D:5)
  A wasp zombie (D:6)
  6 orc priests
  2 giant frog skeletons (D:9)
  Jessica (D:2)
  2 iguanas
  Ijyb (D:3)
  Terence (D:3)
  6 worker ants
  14 orc wizards
  A hound zombie (D:5)
  4 mummies (Ossuary)
  A worker ant zombie (D:5)
  3 gnolls (D:7)
  8 adders
  A river rat (D:8)
  2 shadow imps (D:7)
  An ooze (D:3)
  2 adder zombies (D:5)
  3 adder skeletons
  3 worms (D:2)
  8 giant geckos
  53 orcs
  9 bats
  3 giant cockroaches
  12 goblins
  9 hobgoblins
  15 jackals
  3 quokkas
  A ball python skeleton (D:5)
  A ball python zombie (D:5)
  2 giant gecko skeletons
  3 giant gecko zombies
  7 giant newts
  2 goblin zombies (Ossuary)
  2 hobgoblin zombies (Ossuary)
  17 kobolds
  A kobold zombie (Ossuary)
  3 orc zombies (Ossuary)
  A quokka skeleton (D:8)
  A quokka zombie (D:5)
  6 rats
  A fungus (D:8)
307 creatures vanquished.

Vanquished Creatures (collateral kills)
  A hungry ghost (D:8)
  An eye of draining (D:8)
  An orc wizard (D:7)
  An adder (D:8)
4 creatures vanquished.

Vanquished Creatures (others)
  An orc (Orc:1)
  6 fungi (D:8)
  2 plants (D:8)
9 creatures vanquished.

Grand Total: 320 creatures vanquished

Notes
Turn   | Place    | Note
--------------------------------------------------------------
     0 | D:1      | IcyTea the Gargoyle Fighter began the quest for the Orb.
     0 | D:1      | Reached XP level 1. HP: 14/14 MP: 1/1
   127 | D:1      | Reached XP level 2. HP: 14/19 MP: 2/2
   940 | D:2      | Reached XP level 3. HP: 22/23 MP: 3/3
  1206 | D:2      | Noticed Jessica
  1219 | D:2      | Killed Jessica
  1219 | D:2      | Reached XP level 4. HP: 27/28 MP: 4/4
  1833 | D:3      | Reached skill level 5 in Maces & Flails
  1837 | D:3      | Reached XP level 5. HP: 32/32 MP: 5/5
  2086 | D:3      | Found a shadowy altar of Dithmenos.
  2086 | D:3      | Noticed Ijyb
  2115 | D:3      | Killed Ijyb
  2332 | D:3      | Noticed Terence
  2348 | D:3      | Killed Terence
  2368 | D:3      | Found a faded altar to an unknown god.
  2706 | D:4      | Reached XP level 6. HP: 34/37 MP: 6/6
  2828 | D:4      | Noticed Tarnath's ghost (amateur DrAr)
  2847 | D:4      | Found an oddly glowing altar of Pakellas.
  2865 | D:5      | Entered Level 5 of the Dungeon
  2884 | D:5      | Gained mutation: Your movements are slightly less encumbered by armour (ER -2). [potion of beneficial mutation]
  2886 | D:5      | Gained mutation: You expend magic power (3 MP) to strengthen your wands. [potion of mutation]
  2886 | D:5      | Gained mutation: You have a pair of small horns on your head. [potion of mutation]
  2886 | D:5      | Gained mutation: You have sharp toenails. [potion of mutation]
  2914 | D:5      | Noticed Eustachio
  3051 | D:5      | Noticed a sky beast
  3059 | D:5      | Killed a sky beast
  3139 | D:5      | Noticed a water moccasin
  3155 | D:5      | Killed a water moccasin
  3155 | D:5      | Reached XP level 7. HP: 19/41 MP: 7/7
  3193 | D:5      | Found a shattered altar of Ashenzari.
  3345 | D:5      | Got a steaming silver ring
  3347 | D:5      | Identified the ring of Qaazesel {Fire *Drain Fragile rPois Str+9} (You found it on level 5 of the Dungeon)
  3432 | D:5      | Noticed Sigmund
  3654 | D:5      | Noticed Menkaure
  3657 | D:5      | Found a burning altar of Makhleb.
  3663 | D:5      | Killed Menkaure
  3727 | D:5      | Reached XP level 8. HP: 35/46 MP: 8/8
  3815 | D:5      | Found a glowing golden altar of the Shining One.
  3820 | D:5      | Found a basalt altar of Yredelemnul.
  3822 | D:5      | Noticed a profane servitor
  3839 | D:5      | Noticed an angel
  3947 | D:5      | Became a worshipper of Makhleb the Destroyer
  3965 | D:5      | Reached skill level 1 in Invocations
  3974 | D:5      | Killed Sigmund
  4038 | D:5      | Found a snail-covered altar of Cheibriados.
  4110 | D:5      | Noticed Grinder
  4138 | D:5      | Paralysed by Grinder for 6 turns
  4146 | D:5      | Killed Grinder
  4146 | D:5      | Reached skill level 5 in Invocations
  4329 | D:5      | Killed Eustachio
  4533 | D:6      | Found a sparkling altar of Nemelex Xobeh.
  4713 | D:6      | Reached XP level 9. HP: 51/51 MP: 14/14
  4720 | D:6      | Reached * piety under Makhleb
  5133 | D:6      | Gained mutation: Your muscles are strong. (Str +2) [potion of beneficial mutation]
  5354 | D:7      | Found a shattered altar of Ashenzari.
  5483 | D:7      | Reached ** piety under Makhleb
  5498 | D:7      | Reached skill level 10 in Invocations
  5723 | D:7      | Found a sand-covered staircase.
  5728 | Ossuary  | Entered an ossuary
  6186 | D:7      | Lost mutation: Your muscles are strong. (Str +2) [potion of mutation]
  6186 | D:7      | Gained mutation: You are dopey. (Int -2) [potion of mutation]
  6186 | D:7      | Gained mutation: Scrolls take you a little longer to read. [potion of mutation]
  6347 | D:7      | Found Uxymadi's Antique Armour Shop.
  6446 | D:7      | Reached skill level 5 in Fighting
  6544 | D:7      | Reached *** piety under Makhleb
  6566 | D:7      | Found a radiant altar of Vehumet.
  6663 | D:7      | Reached XP level 10. HP: 59/59 MP: 17/17
  6697 | D:7      | Found a staircase to the Ecumenical Temple.
  6879 | D:8      | Found a deep blue altar of Sif Muna.
  6884 | D:8      | Found a stormy altar of Qazlal.
  6884 | D:8      | Found a shimmering altar of Xom.
  6894 | D:8      | Reached skill level 5 in Armour
  6920 | D:8      | Found an iron altar of Okawaru.
  6920 | D:8      | Found a bloodstained altar of Trog.
  7021 | D:8      | Reached skill level 5 in Shields
  7047 | D:8      | Reached skill level 1 in Evocations
  7164 | D:8      | Noticed Maurice
  7210 | D:8      | Killed Maurice
  7259 | D:8      | Found a staircase to the Lair.
  7268 | Lair:1   | Entered Level 1 of the Lair of Beasts
  7279 | D:8      | Reached **** piety under Makhleb
  7361 | D:8      | Learned a level 3 spell: Mephitic Cloud
  7931 | Temple   | Entered the Ecumenical Temple
  8102 | D:9      | Found a staircase to the Orcish Mines.
  8114 | D:9      | Reached skill level 10 in Maces & Flails
  8121 | D:9      | Noticed Gastronok
  8195 | D:10     | Entered Level 10 of the Dungeon
  8691 | D:10     | Reached ***** piety under Makhleb
  8756 | D:9      | Killed Gastronok
  8756 | D:9      | Reached XP level 11. HP: 49/63 MP: 18/18
  8814 | D:9      | Reached skill level 5 in Throwing
  8862 | Orc:1    | Entered Level 1 of the Orcish Mines
  8955 | D:9      | Reached skill level 1 in Conjurations
  9018 | D:9      | Learned a level 3 spell: Regeneration
  9309 | Orc:1    | Reached skill level 1 in Charms
  9414 | Orc:2    | Entered Level 2 of the Orcish Mines
  9414 | Orc:2    | Noticed an orc sorcerer
  9548 | Orc:2    | Noticed a soul eater
  9553 | Orc:1    | Killed an orc sorcerer
  9808 | Orc:2    | Noticed an orc knight
  9841 | Orc:2    | HP: 2/63 [orc warrior/dire flail[an orc knight] (28)]
  9848 | Orc:2    | Shot with a bolt by an orc knight

Skill      XL: |  1  2  3  4  5  6  7  8  9 10 11 |
---------------+----------------------------------+-----
Maces & Flails | 3 4 5 6 7 9 10 | 10.2
Invocations    | 7 10 | 10.5
Fighting       | 5 |  5.0
Armour         | 4 5 |  5.3
Shields        | 5 |  5.0
Evocations     | 4 |  4.2
Throwing       | 4 5 |  5.1
Conjurations   | 3 |  3.1
Charms         | 4 |  4.0
Poison Magic   | |  0.8

Action                   |  1- 3 |  4- 6 |  7- 9 | 10-12 || total
-------------------------+-------+-------+-------+-------++-------
Melee: Flail             |    68 |       |       |   335 ||   403
       Whip              |    75 |   150 |       |       ||   225
       Mace              |       |    74 |   364 |    41 ||   479
       Kick              |       |     9 |   126 |   140 ||   275
       Headbutt          |       |     7 |    83 |    84 ||   174
Throw: Tomahawk          |       |     1 |       |    15 ||    16
Invok: Minor Destruction |       |       |       |     2 ||     2
       Lesser Servant of |       |       |       |     1 ||     1
Evoke: Wand              |       |       |     1 |     4 ||     5
  Use: Scroll            |     6 |     4 |    12 |     5 ||    27
       Potion            |       |     6 |     7 |     1 ||    14
 Stab: Invisible         |       |       |     1 |       ||     1
  Eat: Chunk             |     1 |     6 |    10 |    12 ||    29
       Pizza             |       |       |     1 |       ||     1
Armor: Scale mail        |   113 |    76 |    56 |       ||   245
       Fire dragon armou |       |       |   102 |   159 ||   261
Dodge: Dodged            |    55 |    41 |    77 |    98 ||   271
Block: Shield            |    85 |   105 |   187 |   207 ||   584
